 Dungeon Crawl Stone Soup version 0.30.0-20-g3615ddf2f0 (webtiles) character file.

Game seed: 16487889436794381786

51 qw the Chopper (level 3, -3/23 HPs)
             Began as a Gargoyle Fighter on May 27, 2023.
             Slain by an iguana (8 damage)
             ... on level 3 of the Dungeon.
             The game lasted 00:00:55 (1834 turns).

qw the Chopper (Gargoyle Fighter)                   Turns: 1834, Time: 00:00:55

Health: -3/23      AC: 13    Str: 17    XL:     3   Next: 81%
Magic:  3/3        EV:  7    Int:  8    God:
Gold:   126        SH:  4    Dex: 11    Spells: 2/2 levels left

rFire   . . .        Y - +0 war axe
rCold   + + .        c - +0 buckler
rNeg    + . .        p - +0 chain mail
rPois   inf          (no helmet)
rElec   +            e - +0 cloak
rCorr   .            (no gloves)
SInv    .            (no boots)
Will    .....        a - amulet "Lyafid" {Fly rC++ Regen+ Str-4 Dex+2} Stlth
                     (no ring)
HPRegen 1.03/turn    (no ring)
MPRegen 0.08/turn

%: no passive effects
@: flying
A: sickness immunity, AC +3, negative energy resistance 1, electricity
resistance, torment resistance 1, petrification resistance
a: no special abilities


You were on level 3 of the Dungeon.
You visited 1 branch of the dungeon, and saw 3 of its levels.

You collected 126 gold pieces.


Innate Abilities, Weirdness & Mutations

You are immune to sickness and miasma.
Your stone body is resilient. (AC +3)
You are immune to poison.
You resist negative energy. (rN+)
You are resistant to electric shocks. (rElec)
You are resistant to unholy torment.
You are immune to petrification.


   Skills:
 - Level 3.2 Fighting
 + Level 3.6 Axes
 - Level 3.2 Armour
 - Level 3.2 Shields


You had 2 spell levels left.
You didn't know any spells.
Your spell library was empty.

Inventory:

Hand Weapons
 j - a +0 whip
 Y - a +0 war axe (weapon)
Armour
 c - a +0 buckler (worn)
 e - a +0 cloak (worn)
 p - a +0 chain mail (worn)
Jewellery
 a - the amulet "Lyafid" (around neck) {Fly rC++ Regen+ Str-4 Dex+2}
   (You acquired it on level 2 of the Dungeon)

   [amulet of regeneration]

   Str:       It affects your strength (-4).
   Dex:       It affects your dexterity (+2).
   rC:        It greatly protects you from cold.
   Fly:       It grants you flight.
   Regen:     It increases your rate of health regeneration.
Scrolls
 g - a scroll of identify
Potions
 d - a potion of might
 h - a potion of curing
 m - a potion of haste
 n - a potion of ambrosia {unknown}

Dungeon Overview and Level Annotations

Branches:
Dungeon (3/15)

Altars:

Shops:
D:1 =


Message History

The kobold shouts!
You hear an angry hiss.
Found a scroll of teleportation and a scroll of amnesia.
There is a stone staircase leading up here.
There are monsters nearby!
Waypoint 2 assigned to D:3.
Found a mace.
A giant cockroach comes into view.
The iguana bites you!
The kobold throws a stone.
The stone closely misses you.
You closely miss the iguana.
The iguana bites you but does no damage.
You barely miss the iguana. You hit the kobold.
A ball python comes into view.
The iguana bites you! The kobold hits you with a +0 whip.
You barely miss the kobold.
The kobold is severely wounded.
You barely miss the iguana. The iguana barely misses you.
The kobold barely misses you. The iguana bites you.
The kobold closely misses you.
You closely miss the kobold.
The kobold is severely wounded.
You barely miss the iguana. The iguana barely misses you.
You block the kobold's attack.
You miss the kobold.
The kobold is severely wounded.
You closely miss the iguana. The iguana bites you.
The kobold hits you but does no damage.
You barely miss the kobold.
The kobold is severely wounded.
You hit the iguana. You block the kobold's attack. The iguana bites you.
The kobold hits you but does no damage. The iguana closely misses you.
You hit the kobold.
You kill the kobold!
You hit the iguana. The iguana barely misses you.
The ball python barely misses you. The ball python grabs you.
The ball python constricts you.
You hit the ball python.
You kill the ball python!
You hit the iguana. The iguana bites you!
You die...

.. #.#.# #.#.
... ........?.
..# #.#.#.#.#
#+##..........
..?#.#.#.#.#
.........
###.#B#.#.#.#.
#....<@.......
....#.#.#l#.#.#.
# # ####.. ....
).... ..... #.##
.#


You could see an iguana and a giant cockroach.

Vanquished Creatures
  2 dart slugs (D:2)
  A bat (D:1)
  6 endoplasms
  A giant cockroach (D:2)
  3 goblins (D:2)
  3 hobgoblins
  3 jackals (D:2)
  5 kobolds
  2 quokkas (D:2)
  7 ball pythons
  2 frilled lizards
  11 rats
46 creatures vanquished.

Notes
Turn   | Place    | Note
-------+----------+-------------------------------------------
     0 | D:1      | qw the Gargoyle Fighter began the quest for the Orb.
     0 | D:1      | Reached XP level 1. HP: 14/14 MP: 1/1
     0 | D:1      | 0 ||| qw: Version: 0.2-a-99-gce666ed
     0 | D:1      | 0 ||| qw: Game counter: 160
     0 | D:1      | 0 ||| qw: Always use a shield: true
     0 | D:1      | 0 ||| qw: God list: Okawaru
     0 | D:1      | 0 ||| qw: Allow faded altars: false
     0 | D:1      | 0 ||| qw: Do Orc after D:15 true
     0 | D:1      | 0 ||| qw: Do second Lair branch before Depths: true
     0 | D:1      | 0 ||| qw: Lair rune preference: random
     0 | D:1      | 0 ||| qw: Plans: Normal, Zot:1-4, God:TSO, Crypt, Tomb,
                  | Pan, Slime:5, Hells, Abyss, Win
     0 | D:1      | 0 ||| PLANNING D:1-11
   247 | D:1      | Found Sadol's Jewellery Shop.
   254 | D:1      | 254 ||| SHOPLISTING amulet of guardian spirit (360 gold,
                  | have 10).
   254 | D:1      | 254 ||| SHOPLISTING amulet of the acrobat (360 gold, have
                  | 10).
   254 | D:1      | 254 ||| SHOPLISTING ring of fire (300 gold, have 10).
   254 | D:1      | 254 ||| SHOPLISTING ring of protection from cold (300 gold,
                  | have 10).
   254 | D:1      | 254 ||| SHOPLISTING ring of protection from fire (300 gold,
                  | have 10).
   254 | D:1      | 254 ||| SHOPLISTING ring of see invisible (180 gold, have
                  | 10).
   254 | D:1      | 254 ||| SHOPLISTING ring of willpower (300 gold, have 10).
   273 | D:1      | 273 ||| Stepping ~*~*~tactically~*~*~ (stealth).
   280 | D:1      | 280 ||| Stepping ~*~*~tactically~*~*~ (stealth).
   281 | D:1      | 281 ||| Stepping ~*~*~tactically~*~*~ (stealth).
   285 | D:1      | 285 ||| Stepping ~*~*~tactically~*~*~ (stealth).
   346 | D:1      | Reached XP level 2. HP: 17/19 MP: 2/2
   786 | D:1      | 786 ||| UPGRADING to amulet of the acrobat.
   791 | D:1      | 791 ||| READING scroll labelled ADDIUGOSUZ.
   792 | D:1      | 792 ||| READING scroll labelled USKAJO VYPP.
   796 | D:1      | 796 ||| READING 2 scrolls labelled VASEOM PYOM.
   797 | D:1      | 797 ||| READING scroll labelled AREAZ MACZA.
   850 | D:2      | 850 ||| Stepping ~*~*~tactically~*~*~ (hiding).
   851 | D:2      | 851 ||| Stepping ~*~*~tactically~*~*~ (hiding).
   921 | D:2      | Reached skill level 3 in Axes
   924 | D:2      | 924 ||| Stepping ~*~*~tactically~*~*~ (stealth).
   927 | D:2      | 927 ||| Stepping ~*~*~tactically~*~*~ (stealth).
   954 | D:2      | Reached XP level 3. HP: 23/23 MP: 3/3
  1338 | D:2      | 1338 ||| Stepping ~*~*~tactically~*~*~ (stealth).
  1718 | D:2      | 1718 ||| UPGRADING to +0 cloak.
  1723 | D:2      | 1723 ||| UPGRADING to +0 chain mail.
  1733 | D:2      | 1733 ||| DROPPING +0 scale mail.
  1734 | D:2      | 1734 ||| READING scroll labelled FYS QINIFU.
  1735 | D:2      | 1735 ||| READING 2 scrolls labelled ZERGHI SIES RIH.
  1736 | D:2      | 1736 ||| READING scroll labelled XUDUELL ICEI.
  1737 | D:2      | 1737 ||| READING scroll labelled HENOUTUESS.
  1738 | D:2      | 1738 ||| READING scroll labelled FEOF KEMOHAAR.
  1738 | D:2      | Identified a scroll of acquirement
  1738 | D:2      | 1738 ||| ACQUIRING amulet "Lyafid" {Fly rC++ Regen+ Str-4
                  | Dex+2}
  1738 | D:2      | Acquired the amulet "Lyafid" {Fly rC++ Regen+ Str-4 Dex+2}
  1740 | D:2      | 1740 ||| UPGRADING to amulet "Lyafid" {Fly rC++ Regen+
                  | Str-4 Dex+2}.
  1750 | D:2      | 1750 ||| DROPPING amulet of the acrobat.
  1751 | D:2      | 1751 ||| READING scroll labelled BAXEODD ALIMP.
  1752 | D:2      | 1752 ||| DRINKING 2 blue potions.
  1753 | D:2      | 1753 ||| DRINKING 2 fuming golden potions.
  1754 | D:2      | 1754 ||| READING 2 scrolls of identify.
  1754 | D:2      | 1754 ||| IDENTIFYING metallic ruby potion
  1755 | D:2      | 1755 ||| DROPPING scroll of poison.
  1756 | D:2      | 1756 ||| DROPPING potion of invisibility.
  1829 | D:3      | HP: 4/23 [iguana (3)]
  1834 | D:3      | Slain by an iguana

Levels and vault maps discovered:
D:1:      reono_arrival_mine, layout_loops_ring, serial_shops, shop,
          minmay_pentomino_r2
D:2:      layout_basic, minmay_rat_gold_closets
D:3:      layout_basic, tso_metal_star, st_stairs_11, uniq_robin, uniq_jessica

Skill      XL: |  1  2 |
---------------+-------+-----
Axes           | 2 3 |  3.6
Fighting       | |  3.2
Armour         | |  3.2
Shields        | |  3.2

Action                     || total
---------------------------++-------
  Melee: War axe           ||   130
    Use: Scroll            ||    11
         Potion            ||     2
 Armour: Scale mail        ||    56
         Chain mail        ||     3
  Dodge: Dodged            ||    51
  Block: Buckler           ||    30

Table legend:
 A = Non-vault XP
 B = Vault XP
 C = Vault XP percentage of total XP
 D = Non-vault monster count
 E = Vault monster count
 F = Vault count percentage of total count
                 A         B        C        D         E       F
            +---------+---------+-------+---------+---------+-------
      Total |      63 |      11 |  14.9 |      36 |      10 |  21.7
            +---------+---------+-------+---------+---------+-------
        D:1 |      14 |       3 |  17.6 |       9 |       2 |  18.2
        D:2 |      48 |       7 |  12.7 |      26 |       7 |  21.2
        D:3 |       1 |       1 |  50.0 |       1 |       1 |  50.0
            +---------+---------+-------+---------+---------+-------
